 Dungeon Crawl Stone Soup version 0.25-a0-733-gf7d8cd8a05 (webtiles) character file.

Game seed: 10792363049357863554, levelgen mode: deterministic

8 sanka the Sneak (level 2, 0/13 HPs)
             Began as a Felid Wanderer on Apr 9, 2020.
             Succumbed to a kobold's poison
             ... on level 1 of the Dungeon.
             The game lasted 00:01:19 (326 turns).

sanka the Sneak (Felid Wanderer)                     Turns: 326, Time: 00:01:19

Health: 0/13       AC:  1    Str:  6    XL:     2   Next: 0%
Magic:  3/3        EV: 17    Int: 17    God:
Gold:   11         SH:  0    Dex: 13    Spells: 1/1 levels left
                                        Lives:  0   Deaths: 0

rFire    . . .     SeeInvis +     - Unarmed
rCold    . . .     Gourm    .   (shield unavailable)
rNeg     . . .     Faith    .   (armour unavailable)
rPois    .         Spirit   .   (helmet unavailable)
rElec    .         Reflect  .   (cloak unavailable)
rCorr    .         Harm     .   (gloves unavailable)
MR       .....                  (boots unavailable)
Stlth    +++.......             (no amulet)
HPRegen  0.04/turn              (no ring)
MPRegen  0.08/turn              (no ring)

@: lethally poisoned (0 -> -12), quick
A: very small, no armour, no weapons or thrown items, stealth, claws 1, fangs 3,
see invisible, carnivore, speed 1, shaggy fur 1, slow metabolism 1, sharp paws
a: no special abilities


You were on level 1 of the Dungeon.
You were not hungry.

You visited 1 branch of the dungeon, and saw 1 of its levels.

You collected 11 gold pieces.


Innate Abilities, Weirdness & Mutations

You cannot wear armour.
You are incapable of wielding weapons or throwing items.
Your paws allow you to move quietly. (Stealth)
You have sharp claws.
You have razor-sharp teeth.
You have supernaturally acute eyesight. (SInv)
You are carnivorous and can eat meat at any time.
You cover ground quickly.
You are covered in fur. (AC +1)
You have a slow metabolism.
Your sharp claws are effective at attacking unaware monsters.


   Skills:
 - Level 2.0 Fighting
 - Level 2.6 Dodging
 - Level 4.0 Stealth
 + Level 3.5 Unarmed Combat


You had one spell level left.
You didn't know any spells.
Your spell library was empty.

Inventory:

Scrolls
 a - 2 scrolls of teleportation {@r4}
 c - a scroll of remove curse {unknown}
 d - a scroll of immolation {unknown}
Comestibles
 b - 2 rations

Dungeon Overview and Level Annotations

Branches:
Dungeon (1/15)

Altars:

▒..........▒▒.▒▒
▒..........▒▒..▒
▒▒▒▒▒▒▒▒▒▒▒▒▒▒.▒▒
▒ ▒▒..▒.▒ ▒...▒.▒
▒▒▒▒▒▒†....▒
........)..▒▒▒▒
£......†........
.......h.▒..▒▒▒▒
.........▒..▒
▒▒▒......▒..▒
▒£.....▒ ..
▒......▒ .▒
........! .▒
▒▒▒....▒▒▒ ▒....


There were no monsters in sight!


Message History

You are lethally poisoned!
You closely miss the kobold.
You feel sick. The kobold hits you but does no damage.
You are more poisoned.
You scratch the kobold but do no damage.
* * * LOW HITPOINT WARNING * * *
You feel sick. The kobold misses you.
Unknown command.
You scratch the kobold.
You kill the kobold!
You have reached level 2!
* * * LOW HITPOINT WARNING * * *
You feel sick.
* * * LOW HITPOINT WARNING * * *
You feel sick.
You see here a +2 dagger of venom.
Unknown command.
Unknown command.
* * * LOW HITPOINT WARNING * * *
You feel sick.
You aren't carrying any potions.
Number of times to repeat, then command key: You must enter the number of times for the command to repeat.
Unknown command.
* * * LOW HITPOINT WARNING * * *
You feel sick.
You see here a leopard gecko corpse.
You die...

Action                   || total
-------------------------++-------
Melee: Unarmed           ||    28
       Punch             ||     1
       Bite              ||     1
 Stab: Distracted        ||     1
  Eat: Chunk             ||     1
Armor: Skin              ||     5
Dodge: Dodged            ||    21

Levels and vault maps discovered:
D:1:      ldierk_water_garden, layout_basic, serial_corexii_hall,
          chequers_hall_statues_corner_a, corexii_hall_statues_x,
          corexii_hall_statues_x

Notes
Turn   | Place    | Note
-------+----------+-------------------------------------------
     0 | D:1      | sanka the Felid Wanderer began the quest for the Orb.
     0 | D:1      | sanka set off with the following items: 2 scrolls of
                  | teleportation {@r4}, a ration
     0 | D:1      | Reached XP level 1. HP: 9/9 MP: 2/2
   321 | D:1      | Reached XP level 2. HP: 5/13 MP: 3/3
   325 | D:1      | HP: 1/13 [poisoned by a kobold]
   326 | D:1      | Succumbed to a kobold's poison

Vanquished Creatures
  A leopard gecko (D:1)
  A giant cockroach (D:1)
  A hobgoblin (D:1)
  2 bats (D:1)
  A frilled lizard (D:1)
  A kobold (D:1)
  A rat (D:1)
  2 toadstools (D:1)
10 creatures vanquished.

Vanquished Creatures (others)
  2 toadstools (D:1)
2 creatures vanquished.

Grand Total: 12 creatures vanquished
